 Seeded DCSS version 0.28.0-53-g5a82cb258f (webtiles) character file.

Game seed: 98137 (custom seed)

141 xaos the Chucker (level 5, -4/50 HPs)
             Began as a Troll Hunter on June 6, 2022.
             Was an Elder of Ignis.
             Killed by divine providence
             ... invoked by an orc priest
              (10 damage)
             ... on level 3 of the Dungeon.
             The game lasted 00:14:29 (2800 turns).

xaos the Chucker (Troll Hunter)                     Turns: 2800, Time: 00:14:31

Health: -4/50      AC:  4    Str: 20    XL:     5   Next: 3%
Magic:  4/4        EV: 10    Int:  9    God:    Ignis [****..]
Gold:   98         SH:  0    Dex: 10    Spells: 3/4 levels left

rFire   + . .      SeeInvis .   m - +0 mace
rCold   + . .      Faith    .   (no shield)
rNeg    . . .      Spirit   .   b - +0 robe
rPois   .          Reflect  .   (helmet restricted)
rElec   .          Harm     .   (no cloak)
rCorr   .          Rampage  .   (gloves unavailable)
Will    .....                   (boots unavailable)
Stlth   +.........              (no amulet)
HPRegen 0.96/turn               i - ring of protection from cold
MPRegen 0.09/turn               (no ring)

@: no status effects
A: large, unfitting armour, claws 3, regeneration 1, shaggy fur 1, tough skin 1
a: Renounce Religion, Fiery Armour, Foxfire Swarm, Rising Flame


You were on level 3 of the Dungeon.
You worshipped Ignis.
Ignis was greatly pleased with you.
You visited 1 branch of the dungeon, and saw 3 of its levels.

You collected 98 gold pieces.

Inventory:

Hand Weapons
 a - a +0 short sword
 e - a +0 hunting sling
 h - a +0 hand axe
 m - a +0 mace (weapon)
Missiles
 c - 5 large rocks
 d - 2 throwing nets (quivered)
 g - 155 stones
 n - 24 sling bullets
Armour
 b - a +0 robe (worn)
Jewellery
 i - a ring of protection from cold (left claw)
Scrolls
 j - a scroll of blinking {unknown}
 k - a scroll of vulnerability
 l - a scroll of identify {unknown}
 p - a scroll of fear {unknown}
 q - a scroll of teleportation {unknown}
Potions
 f - a potion of flight {unknown}
 o - a potion of degeneration {unknown}
 r - a potion of might {unknown}
 s - a potion of berserk rage {unknown}
 t - a potion of haste {unknown}


   Skills:
 + Level 2.7 Fighting
 + Level 1.5 Short Blades
 + Level 4.3 Throwing
 + Level 2.0 Dodging
 + Level 0.6 Stealth


You had 3 spell levels left.
You knew the following spells:

 Your Spells              Type           Power      Damage    Failure   Level
a - Sandblast             Erth           0%         2d4       38%         1

Your spell library contained the following spells:

 Spells                   Type           Power      Damage    Failure   Level
 Passwall                 Tmut/Erth      0%         N/A       52%         2
 Stone Arrow              Conj/Erth      0%         3d7       77%         3


Dungeon Overview and Level Annotations

Branches:
Dungeon (3/15)

Altars:
Hepliaklqana
Okawaru
Uskayaw
Xom
Ignis

Shops:
D:2 ((


Innate Abilities, Weirdness & Mutations

You are too large for most types of armour.
You have claws for hands.
Your natural rate of healing is unusually fast.
You are covered in fur. (AC +1)
You have tough skin. (AC +1)


Message History

Press: ? - help, Dir - look around, f - activate Flames leap up around you!
The orc closely misses you.
The orc priest hits you with a +0 flail.
* * * LOW HITPOINT WARNING * * *
The foxfire hits the orc.
The orc is severely wounded.
The foxfire hits the orc priest but does no damage.
Your foxfire dissipates!
The foxfire hits the orc priest.
The orc priest is lightly wounded.
The foxfire hits the orc.
The orc is moderately wounded.
The foxfire hits the orc priest.
The orc priest is moderately wounded.
The foxfire hits the orc.
The orc is heavily wounded.
The foxfire hits the orc priest.
The orc priest is heavily wounded.
The foxfire hits the orc.
You kill the orc!
The foxfire hits the orc priest.
The orc priest is severely wounded.
The foxfire hits the orc priest.
The orc priest is almost dead.
The foxfire hits the orc priest.
You kill the orc priest!
The foxfire hits the orc priest but does no damage. x2
You have reached level 5!
The foxfire hits the orc priest but does no damage.
The foxfire hits the orc.
You kill the orc!
The foxfire hits the orc priest but does no damage. x2
The orc priest mumbles some strange prayers to Beogh against you.
Beogh smites you!
* * * LOW HITPOINT WARNING * * *
The orc priest roars to no one in particular.
The orc priest hits you but does no damage.
The orc priest calls down the wrath of Beogh upon you.
Beogh smites you!
You die...

..........[........####..#.....#.
.........................####..##
.................#........ .#.
....#.........#..##........ #.
....##....###.#..##......... #.
....##......#.#......###..... ##
....##......#'#...............
######......)).......... ..#
##......)..@...#.. ..#
......#..o.....# . ..+
......+........# ..## .....
#........# .... .........<..####
...# ............# ...#
............# #### ..........#
####.^..###


You could see an orc priest.

Vanquished Creatures
  An orc priest (D:3)
  An orc wizard (D:3)
  Terence (D:2)
  An adder (D:2)
  A dart slug (D:1)
  6 orcs (D:3)
  8 bats
  3 endoplasms
  A giant cockroach (D:1)
  3 goblins
  4 hobgoblins (D:1)
  3 quokkas
  5 ball pythons
  3 frilled lizards
  3 kobolds (D:1)
  5 rats
49 creatures vanquished.

Vanquished Creatures (others)
  32 foxfires (D:3)
32 creatures vanquished.

Grand Total: 81 creatures vanquished

Notes
Turn   | Place    | Note
-------+----------+-------------------------------------------
     0 | D:1      | xaos the Troll Hunter began the quest for the Orb.
     0 | D:1      | Reached XP level 1. HP: 19/19 MP: 0/0
   191 | D:1      | Reached skill level 4 in Throwing
   193 | D:1      | Reached XP level 2. HP: 24/27 MP: 1/1
   550 | D:1      | Reached XP level 3. HP: 35/35 MP: 2/2
   568 | D:1      | Found a faded altar of an unknown god.
   572 | D:1      | Prayed at the altar of an unknown god.
   572 | D:1      | Became a worshipper of Ignis, the Dying Flame
   934 | D:2      | Found Guozaen's Antique Weapon Shop.
   982 | D:2      | Learned a level 1 spell: Sandblast
  1045 | D:2      | Noticed Terence
  1123 | D:2      | HP: 1/35 [Terence/+0 mace (8)]
  1319 | D:2      | Killed Terence
  1320 | D:2      | Reached skill level 1 in Short Blades
  2056 | D:2      | Reached XP level 4. HP: 42/42 MP: 3/3
  2330 | D:2      | Found Uramue's Weapon Shop.
  2651 | D:3      | Found a hazy altar of Hepliaklqana.
  2652 | D:3      | Found a hide-covered altar of Uskayaw.
  2652 | D:3      | Found a shimmering altar of Xom.
  2653 | D:3      | Found an iron altar of Okawaru.
  2715 | D:3      | Found the +1 Delatra's gloves {ID++}
  2796 | D:3      | Reached XP level 5. HP: 16/50 MP: 4/4
  2800 | D:3      | Killed from afar by an orc priest

Illustrated notes

Levels and vault maps discovered:
D:1:      dpeg_arrival_tiny_j, layout_loops_ring, basic_ecumenical_altar
D:2:      layout_basic, serial_shops, nicolae_shop_hallway_stairs,
          nicolae_shop_bloodbath_and_beyond, chequers_serial_rivers_micro_a,
          uniq_terence
D:3:      minmay_diamond_boxcup, layout_basic,
          chequers_temple_overflow_statue_of_worship, pf_guarded_unrand_delatra

Skill      XL: |  1  2  3  4 |
---------------+-------------+-----
Throwing       | 4 |  4.3
Short Blades   | 1 |  1.5
Fighting       | 2 |  2.7
Dodging        | 2 |  2.0
Stealth        | |  0.6

Action                   |  1- 3 |  4- 6 || total
-------------------------+-------+-------++-------
Melee: Short sword       |   119 |       ||   119
       Punch             |     2 |       ||     2
       Mace              |     9 |    28 ||    37
Throw: Large rock        |    11 |       ||    11
 Cast: Sandblast         |     1 |       ||     1
Invok: Fiery Armour      |     1 |       ||     1
       Foxfire Swarm     |       |     2 ||     2
  Use: Scroll            |       |     1 ||     1
 Stab: Sleeping          |     2 |       ||     2
Armor: Robe              |    40 |    11 ||    51
Dodge: Dodged            |    77 |    17 ||    94
